 Dungeon Crawl Stone Soup version 0.27.0-66-gdc8fb28755 (webtiles) character file.

Game seed: 10906335798279104959

208 Tirrikindir the Skirmisher (level 5, -6/32 (37) HPs)
             Began as an Octopode Fighter on Aug 20, 2021.
             Killed by divine providence
             ... invoked by an orc priest
              (17 damage)
             ... on level 3 of the Dungeon.
             The game lasted 00:06:48 (2264 turns).

Tirrikindir the Skirmisher (Octopode Fighter)       Turns: 2264, Time: 00:06:50

HP:   -6/32 (37)    AC:  1    Str: 15    XL:     5   Next: 86%
MP:   5/5           EV: 12    Int: 10    God:
Gold: 76            SH: 11    Dex: 13    Spells: 4/4 levels left

rFire    . . .     SeeInvis .   a - +0 long sword
rCold    . . .     Faith    .   b - +2 kite shield
rNeg     . . .     Spirit   .   (helmet restricted)
rPois    .         Reflect  .   (no amulet)
rElec    .         Harm     .   (no ring)
rCorr    .         Rampage  .   (no ring)
Will     .....                  (no ring)
Stlth    +++.......             (no ring)
HPRegen  0.10/turn              (no ring)
MPRegen  0.09/turn              (no ring)
                                (no ring)
                                (no ring)

@: studying Air Magic, heavily drained
A: almost no armour, amphibious, 8 rings, camouflage 1, gelatinous body 1,
(nimble swimmer 1), tentacles
a: no special abilities


You were on level 3 of the Dungeon.
You visited 1 branch of the dungeon, and saw 3 of its levels.

You collected 76 gold pieces.

Inventory:

Hand Weapons
 a - a +0 long sword (weapon)
 g - a +0 short sword
Missiles
 f - 10 poisoned darts (quivered)
Armour
 b - a +2 kite shield (worn)
Wands
 c - a wand of flame (16)
Potions
 e - a potion of magic


   Skills:
 + Level 3.7 Fighting
 * Level 3.6 Long Blades
 + Level 3.7 Dodging
 + Level 3.0 Stealth
 + Level 3.7 Shields
 + Level 0.0 Evocations


You had 4 spell levels left.
You didn't know any spells.
Your spell library contained the following spells:

 Spells                   Type           Power      Damage    Failure   Level
 Corpse Rot               Necr/Air       N/A        N/A       94%         2
 Gell's Gravitas          Tloc           0%         N/A       99%         3
 Lesser Beckoning         Tloc           0%         N/A       99%         3
 Teleport Other           Tloc           0%         N/A       99%         3
 Dispel Undead            Necr           0%         3d6       100%        4
 Death Channel            Necr           0%         N/A       100%        6


Dungeon Overview and Level Annotations

Branches:
Dungeon (3/15)

Altars:


Innate Abilities, Weirdness & Mutations

You cannot wear most types of armour.
You are amphibious.
You can wear up to eight rings at the same time.
Your skin changes colour to match your surroundings (Stealth+).
Your rubbery body absorbs attacks. (AC +1, EV +1)
((You are camouflaged near water. (Stealth+)))
You have tentacles for arms and can constrict up to eight enemies at once.


Message History

You closely miss the orc wizard. Your grab misses the orc wizard.
The orc wizard closely misses you. You block the orc priest's attack.
You closely miss the orc priest. Your grab misses the orc priest.
The orc wizard hits you with a +0 dagger.
The orc priest hits you with a +1 dagger of draining.
You feel drained. The orc wizard casts a spell at you.
You resist with some effort.
You hit the orc priest but do no damage.
Your grab misses the orc priest. You squeeze the orc priest.
The orc priest is lightly wounded.
The orc priest completely misses you.
You riposte.
You barely miss the orc priest. You grab the orc priest.
You squeeze the orc priest.
The orc priest is lightly wounded.
The orc wizard closely misses you.
The orc priest hits you with a +1 dagger of draining.
You feel drained.
You slash the orc wizard! You grab the orc wizard.
The orc wizard is heavily wounded.
You constrict the orc priest. You constrict the orc wizard.
The orc wizard closely misses you.
The orc priest hits you with a +1 dagger of draining.
* * * LOW HITPOINT WARNING * * *
You feel drained.
* * * LOW HITPOINT WARNING * * *
You block the orc wizard's attack.
It was a potion of curing.
You feel better.
You constrict the orc priest, but do no damage.
You constrict the orc wizard.
The orc priest begins to cast a cantrip, but forgets the words!
The orc wizard casts a spell at you. You resist with some effort.
You hit the orc wizard.
You kill the orc wizard!
You constrict the orc priest.
The orc priest invokes the aid of Beogh against you.
Beogh smites you!
Ouch! That really hurt!
You die...

........######
..#.##.......#
#.#.##.......#.. .
#)#.##...†...##.# .#
#)#.##..))...# ..####.#
#<#.##.......###......#
###.##........# ......#
# #.##........###.....#
# #........#<@o....# .
#........###)....#
########.........#
#####.....# #.....# .
###.#.# ...
######.#.#.....
.................
..S..............


You could see an orc priest.

Vanquished Creatures
  Terence (D:2)
  Ijyb (D:3)
  An orc wizard (D:3)
  An adder (D:3)
  8 gnolls
  3 dart slugs
  An orc (D:3)
  8 ball pythons
  5 bats
  7 endoplasms
  3 giant cockroaches (D:2)
  9 goblins
  A hobgoblin (D:3)
  3 jackals (D:2)
  2 kobolds (D:2)
  A quokka (D:1)
  3 frilled lizards
  8 rats
66 creatures vanquished.

Vanquished Creatures (others)
  4 toadstools (D:1)
4 creatures vanquished.

Grand Total: 70 creatures vanquished

Notes
Turn   | Place    | Note
-------+----------+-------------------------------------------
     0 | D:1      | Tirrikindir the Octopode Fighter began the quest for the
                  | Orb.
     0 | D:1      | Reached XP level 1. HP: 16/16 MP: 1/1
   181 | D:1      | Reached XP level 2. HP: 21/21 MP: 2/2
   215 | D:1      | Found a faded altar of an unknown god.
   267 | D:1      | Reached skill level 1 in Stealth
   480 | D:1      | Identified a scroll of acquirement
   480 | D:1      | Acquired a manual of Air Magic
   510 | D:1      | Reached XP level 3. HP: 23/26 MP: 3/3
   650 | D:2      | Noticed Terence
   654 | D:2      | Killed Terence
   734 | D:2      | Reached XP level 4. HP: 30/31 MP: 4/4
  1279 | D:2      | Reached XP level 5. HP: 29/36 MP: 5/5
  1951 | D:3      | Noticed Ijyb
  1964 | D:3      | Killed Ijyb
  2264 | D:3      | Killed from afar by an orc priest

Illustrated notes

Levels and vault maps discovered:
D:1:      ldierk_water_garden, layout_basic, ebering_ecumenical_altar_box,
          hangedman_decor_growths
D:2:      layout_loops_ring, minmay_tromino_v4_b, uniq_terence
D:3:      layout_basic, uniq_sigmund, uniq_ijyb

Skill      XL: |  1  2  3  4  5 |
---------------+----------------+-----
Stealth        | 1 2 3 |  3.0
Long Blades    | 3 |  3.6
Fighting       | |  3.7
Dodging        | |  3.7
Shields        | |  3.7

Action                   |  1- 3 |  4- 6 || total
-------------------------+-------+-------++-------
Melee: Long sword        |    39 |    72 ||   111
       Constrict         |    10 |    23 ||    33
       Tentacles         |    10 |    19 ||    29
Throw: Dart              |       |     6 ||     6
  Use: Scroll            |     5 |     2 ||     7
       Potion            |       |     4 ||     4
 Stab: Sleeping          |     5 |     6 ||    11
       Distracted        |       |     1 ||     1
Armor: Skin              |     1 |     2 ||     3
Dodge: Dodged            |    13 |    23 ||    36
Block: Kite shield       |    17 |    45 ||    62
       Rpst.: Long sword |     6 |     8 ||    14
